 Dungeon Crawl Stone Soup version 0.31-a0-963-ga325b2283a (webtiles) character file.

Game seed: 13876928666973044840

4384 sircluck the Grappler (level 10, -2/100 HPs)
             Began as a Troll Berserker on Oct 25, 2023.
             Was an Elder of Trog.
             Killed from afar by an electric eel (10 damage)
             ... with a bolt of electricity
             ... on level 8 of the Dungeon.
             The game lasted 00:11:44 (5926 turns).

sircluck the Grappler (Troll Berserker)             Turns: 5926, Time: 00:11:45

Health: -2/100     AC:  6    Str: 41    XL:     10   Next: 13%
Magic:  9/9        EV:  9    Int:  2    God:    Trog [****..]
Gold:   448        SH: 18    Dex:  8    Spells: 9/9 levels left

rFire   . .          .
                       - Unarmed
rCold   . . .        i - +0 tower shield
rNeg    . . .        q - +1 troll leather armour {Pargi}
rPois   .            (helmet restricted)
rElec   .            (no cloak)
rCorr   .            (gloves unavailable)
SInv    .            (boots unavailable)
Will    +....        n - amulet of reflection
Stlth   +            j - +6 ring of strength
HPRegen 1.96/turn    v - ring of willpower
MPRegen 0.11/turn

%: reflection
@: no status effects
A: large, unfitting armour, claws 3, regeneration 1, shaggy fur 1, tough skin 1,
robust 1, strong 1
a: Renounce Religion, Berserk, Trog's Hand, Brothers in Arms


You were on level 8 of the Dungeon.
You worshipped Trog.
Trog was greatly pleased with you.
You visited 1 branch of the dungeon, and saw 9 of its levels.
You also visited: Sewer.

You collected 448 gold pieces.

Inventory:

Missiles
 A - a throwing net
Armour
 a - a +0 animal skin
 i - a +0 tower shield (worn)
 q - a +1 troll leather armour (worn) {Pargi}
Jewellery
 j - a +6 ring of strength (left claw)
 l - an amulet of magic regeneration
 n - an amulet of reflection (around neck)
 v - a ring of willpower (right claw)
 y - a ring of positive energy
Wands
 z - a wand of flame (57)
 B - a wand of paralysis (15)
Scrolls
 e - a scroll of identify
 h - a scroll of torment
 p - a scroll of enchant armour
 r - a scroll of noise
 u - a scroll of enchant weapon
 x - 3 scrolls of vulnerability
 G - a scroll of amnesia
Potions
 b - a potion of berserk rage {unknown}
 c - 2 potions of heal wounds
 d - 2 potions of might {unknown}
 g - a potion of brilliance
 m - 6 potions of haste
 o - a potion of cancellation
 s - 3 potions of attraction
 t - 2 potions of invisibility
 C - a potion of enlightenment {unknown}
 D - 2 potions of curing
 E - 2 potions of degeneration
 H - 2 potions of lignification


   Skills:
 + Level 3.6 Fighting
 * Level 4.4 Armour
 + Level 5.0 Dodging
 + Level 1.0 Stealth
 * Level 7.9 Shields
 + Level 8.9 Unarmed Combat


You had 9 spell levels left.
You didn't know any spells.
Your spell library was empty.

Dungeon Overview and Level Annotations

Branches:
Dungeon (9/15)             Temple (0/1) D:5           Sewer (visited)
   Lair: D:8-11         Orc: D:9-12

Altars:
Ashenzari
Makhleb
Uskayaw
Yredelemnul
The Shining One

Shops:
D:2 !   D:3 (   D:4 :   D:5 =


Innate Abilities, Weirdness & Mutations

You are too large for most types of armour.
You have claws for hands.
Your natural rate of healing is unusually fast.
You are covered in fur. (AC +1)
You have tough skin. (AC +1)
You are robust. (+10% HP)
Your muscles are strong. (Str +4, Int/Dex -1)


Message History

The electric eel shoots out a bolt of lightning at you!
The bolt of electricity hits you!
The sleepcap releases spores at the plant!
The plant begins to die.
An electric eel comes into view.
The electric eel shoots out a bolt of lightning at you!
The bolt of electricity hits the plant.
The plant begins to die.
The bolt of electricity hits you!
The sleepcap releases spores at the plant.
The electric eel shoots out a bolt of lightning at you!
The bolt of electricity hits the plant.
The bolt of electricity hits you! The bolt of electricity hits you.
The sleepcap releases spores at the plant.
The electric eel shoots out a bolt of lightning at you!
The bolt of electricity misses you.
The electric eel shoots out a bolt of lightning at you!
The bolt of electricity hits the electric eel.
The electric eel completely resists.
The bolt of electricity hits the electric eel.
The electric eel completely resists.
The bolt of electricity hits you.
The sleepcap releases spores at the plant.
The electric eel shoots out a bolt of lightning at you!
The bolt of electricity hits the electric eel.
The electric eel completely resists.
The bolt of electricity hits you!
* * * LOW HITPOINT WARNING * * *
The electric eel shoots out a bolt of lightning at you!
The bolt of electricity hits you!
* * * LOW HITPOINT WARNING * * *
The sleepcap completely misses the plant.
The electric eel shoots out a bolt of lightning at you!
The bolt of electricity hits the electric eel.
The electric eel completely resists.
The bolt of electricity misses you.
A nearby plant withers and dies.
The electric eel shoots out a bolt of lightning at you!
The bolt of electricity hits you!
* * * LOW HITPOINT WARNING * * *
The electric eel shoots out a bolt of lightning at you!
The bolt of electricity hits the electric eel.
The electric eel completely resists.
The bolt of electricity hits you!
You die...

##. ~≈≈≈≈≈≈ # ..# P≈≈≈≈≈≈≈ ♣#
#..♣ P~≈≈≈≈≈≈ ♣. ...###..~
~~≈≈S≈≈≈~ ♣.
<.........~♣~~≈≈≈≈≈≈~~~♣♣.
......##...~~P~≈≈≈≈≈~~~P~.
........# #~♣♣SSP≈~P~~~~..
........####♣~S♣~~~~ P~♣♣..
..........@.~~P~P♣ ♣..
........#....♣~~f~~~~ ~~#.
...........(#♣P~~~~~~ ~♣##.
..........### P♣♣~~PP♣ ##.
.........######♣ ~~~♣ #..
..#.......####...#♣♣P♣~..##..
#.###.##....##.....P~~# #...
#..## #....##...######.##...
#.... #....##...######.##.>.


You could see a sleepcap and 3 electric eels.

Vanquished Creatures
  Amaemon (D:7)
  Pikel (D:8)
  An orange demon (D:8)
  A hornet (D:7)
  Sigmund (D:3)
  3 steam dragons
  Pargi (Sewer)
  An ice beast (D:7)
  2 orc warriors
  A sky beast (D:8)
  2 black bears
  3 ogres
  A phantom (D:7)
  A centaur (D:8)
  A lemure (D:8)
  A bullfrog (D:7)
  3 electric eels (D:8)
  A howler monkey (D:5)
  10 orc priests
  7 hounds
  A gnoll bouda (D:7)
  Terence (D:2)
  4 iguanas
  4 orc wizards
  6 gnolls
  12 adders
  4 ufetubi (D:7)
  5 worms
  A dart slug (D:1)
  24 orcs
  12 bats
  5 endoplasms
  3 giant cockroaches (D:4)
  10 goblins
  10 hobgoblins
  2 jackals (D:2)
  12 kobolds
  2 quokkas
  5 ball pythons
  A frilled lizard (D:1)
  4 rats
171 creatures vanquished.

Notes
Turn   | Place    | Note
-------+----------+-------------------------------------------
     0 | D:1      | sircluck the Troll Berserker began the quest for the Orb.
     0 | D:1      | Reached XP level 1. HP: 22/22 MP: 0/0
    37 | D:1      | Reached XP level 2. HP: 25/29 MP: 1/1
   523 | D:2      | Found Zuapnadgh's Distillery.
   600 | D:2      | Reached XP level 3. HP: 30/36 MP: 2/2
   802 | D:2      | Reached ** piety under Trog
   812 | D:2      | Reached XP level 4. HP: 44/44 MP: 3/3
   858 | D:2      | Reached skill level 4 in Unarmed Combat
   864 | D:2      | Noticed Terence
   866 | D:2      | Killed Terence
  1451 | D:3      | Reached XP level 5. HP: 52/52 MP: 4/4
  1493 | D:4      | Reached skill level 1 in Shields
  1704 | D:4      | Reached skill level 5 in Unarmed Combat
  1760 | D:4      | Reached XP level 6. HP: 61/61 MP: 5/5
  1762 | D:4      | Reached *** piety under Trog
  1779 | D:4      | Found a glowing drain.
  1804 | Sewer    | Entered a sewer
  1973 | Sewer    | Noticed Pargi
  1983 | Sewer    | Killed Pargi
  2032 | D:4      | Found Tyguz's Book Shoppe.
  2155 | D:4      | Reached skill level 1 in Armour
  2155 | D:4      | Reached XP level 7. HP: 50/67 MP: 6/6
  2551 | D:3      | Found Pixut's Weapon Shoppe.
  2669 | D:3      | Noticed Sigmund
  2681 | D:3      | Killed Sigmund
  2682 | D:3      | Reached skill level 6 in Unarmed Combat
  2911 | D:5      | Entered Level 5 of the Dungeon
  3138 | D:5      | Found Viapec's Jewellery Emporium.
  3154 | D:5      | Reached XP level 8. HP: 74/75 MP: 7/7
  3193 | D:5      | Found a staircase to the Ecumenical Temple.
  3701 | D:6      | Found a glowing golden altar of the Shining One.
  3703 | D:6      | Found a burning altar of Makhleb.
  3703 | D:6      | Found a basalt altar of Yredelemnul.
  3915 | D:6      | Found a broken altar of Ashenzari.
  4511 | D:7      | Reached skill level 7 in Unarmed Combat
  4599 | D:7      | Reached **** piety under Trog
  4676 | D:7      | Reached skill level 5 in Shields
  4760 | D:7      | Found a hide-covered altar of Uskayaw.
  5091 | D:7      | Noticed a hornet
  5102 | D:7      | Killed a hornet
  5103 | D:7      | Reached XP level 9. HP: 64/83 MP: 8/8
  5177 | D:7      | Gained mutation: You are partially covered in iridescent
                  | scales. (AC +2) [potion of mutation]
  5177 | D:7      | Gained mutation: Potions are less effective at restoring
                  | your health. [potion of mutation]
  5177 | D:7      | Gained mutation: You are strong-willed. (Will+) [potion of
                  | mutation]
  5177 | D:7      | Gained mutation: You are mostly covered in iridescent
                  | scales. (AC +4) [potion of mutation]
  5178 | D:7      | Lost mutation: Potions are less effective at restoring your
                  | health. [potion of mutation]
  5178 | D:7      | Lost mutation: You are mostly covered in iridescent scales.
                  | (AC +4) [potion of mutation]
  5178 | D:7      | Lost mutation: You are partially covered in iridescent
                  | scales. (AC +2) [potion of mutation]
  5178 | D:7      | Gained mutation: You are agile. (Dex +4, Str/Int -1)
                  | [potion of mutation]
  5179 | D:7      | Lost mutation: You are agile. (Dex +4, Str/Int -1) [potion
                  | of mutation]
  5179 | D:7      | Lost mutation: You are strong-willed. (Will+) [potion of
                  | mutation]
  5179 | D:7      | Gained mutation: Your spells are a little harder to cast,
                  | but a little more powerful. [potion of mutation]
  5180 | D:7      | Lost mutation: Your spells are a little harder to cast, but
                  | a little more powerful. [potion of mutation]
  5180 | D:7      | Gained mutation: You are clumsy. (Dex -2) [potion of
                  | mutation]
  5181 | D:7      | Lost mutation: You are clumsy. (Dex -2) [potion of
                  | mutation]
  5181 | D:7      | Gained mutation: You are robust. (+10% HP) [potion of
                  | mutation]
  5181 | D:7      | Gained mutation: Your muscles are strong. (Str +4, Int/Dex
                  | -1) [potion of mutation]
  5231 | D:8      | Noticed Amaemon
  5231 | D:8      | Noticed an orange demon
  5232 | D:8      | Reached skill level 1 in Stealth
  5283 | D:7      | Killed Amaemon
  5284 | D:7      | Reached skill level 8 in Unarmed Combat
  5420 | D:8      | Killed an orange demon
  5669 | D:8      | Noticed Pikel
  5690 | D:8      | Killed Pikel
  5691 | D:8      | Reached XP level 10. HP: 97/100 MP: 9/9
  5831 | D:8      | Reached skill level 5 in Dodging
  5926 | D:8      | Killed from afar by an electric eel

Illustrated notes

Levels and vault maps discovered:
D:1:      minmay_arrival_hallway, layout_rooms
D:2:      layout_basic, serial_shops, nicolae_shop_window_shopping,
          serial_bayou_lagoon_a, grunt_decor_resistance,
          mrwooster_statue_mirror, chequers_big_river, uniq_terence
D:3:      layout_rooms, serial_shops, nicolae_shop_rolling_square, uniq_sigmund
D:4:      layout_basic, serial_shops, nicolae_take_the_stairs,
          gup_sewer_entry_glass
D:5:      layout_basic, minmay_temple_entry_ruins, serial_shops, shop
D:6:      layout_basic, mainiacjoe_overflow_cross_hatched,
          grunt_temple_overflow_open
D:7:      layout_rooms, nicolae_uskayaw_suspiria, serial_curves, eino_curves_01,
          eino_curves_02
D:8:      layout_rooms, serial_bayou, serial_bayou_lake_a, serial_bayou_ford_a,
          serial_bayou_pond_b, serial_bayou_crossing, hangedman_decor_opposing,
          nicolae_nh_ransacked_shop, uniq_amaemon, uniq_pikel
D:9:      layout_roguey, erik_lair_dragon

Skill      XL: |  1  2  3  4  5  6  7  8  9 10 |
---------------+-------------------------------+-----
Unarmed Combat | 4 5 6 7 8 |  8.9
Dodging        | 3 4 5 |  5.0
Shields        | 2 3 4 6 7 |  7.9
Fighting       | 3 |  3.6
Armour         | 1 2 3 4 |  4.4
Stealth        | 1 |  1.0

Action                     |  1- 3 |  4- 6 |  7- 9 | 10-12 || total
---------------------------+-------+-------+-------+-------++-------
  Melee: Unarmed           |    79 |   134 |   262 |    10 ||   485
         Punch             |     1 |       |       |       ||     1
 Invoke: Berserk           |       |       |     1 |       ||     1
    Use: Scroll            |       |       |    20 |       ||    20
         Potion            |       |       |     6 |       ||     6
 Armour: Animal skin       |    63 |    89 |       |       ||   152
         Troll leather arm |       |     4 |   131 |    21 ||   156
  Dodge: Dodged            |    46 |    49 |    42 |     7 ||   144
  Block: Tower shield      |    12 |   105 |   213 |     2 ||   332
         Reflection        |       |       |     3 |       ||     3

Table legend: (Time is in decaauts)
 A = Elapsed time spent in this place.
 B = Non-inter-level travel time spent in this place.
 C = Inter-level travel time spent in this place.
 D = Time resting spent in this place.
 E = Time spent auto-exploring this place.
 F = Levels seen in this place.
 G = Mean time per level.
                   A        B        C        D        E       F      G
               +--------+--------+--------+--------+--------+-----+--------+
         Total |   5971 |   5614 |    357 |    290 |   3874 |  10 |  597.1 |
       Dungeon |   5756 |   5399 |    357 |    290 |   3825 |   9 |  639.6 |
         Sewer |    215 |    215 |      0 |      0 |     49 |   1 |  215.0 |
               +--------+--------+--------+--------+--------+-----+--------+

Top non-repeatable levels by time:
     D:2: 977 daAuts
     D:7: 906 daAuts
     D:4: 829 daAuts
     D:6: 829 daAuts
     D:5: 753 daAuts
     D:1: 473 daAuts
     D:8: 460 daAuts
     D:3: 448 daAuts
   Sewer: 215 daAuts
     D:9: 78 daAuts
